 Dungeon Crawl Stone Soup version 0.17.0-55-g1383181 (webtiles) character file.

19 Jibb the Magician (level 2, 0/17 HPs)
             Began as a High Elf Wizard on Dec 4, 2015.
             Succumbed to an adder's poison
             ... on level 2 of the Dungeon.
             The game lasted 00:15:19 (1908 turns).

Jibb the Magician (High Elf Wizard)                 Turns: 1908, Time: 00:15:19

Health: 0/17       AC:  2    Str:  6    XL:     2   Next: 55%
Magic:  2/8        EV: 12    Int: 21    God:
Gold:   95         SH:  0    Dex: 13    Spells: 3 memorised, 4 levels left

rFire  . . .     SeeInvis .     m - +0 club
rCold  . . .     Clarity  +     a - +0 robe
rNeg   . . .     SustAt   .     (no shield)
rPois  .         Gourm    .     b - +0 hat
rElec  .         Spirit   .     (no cloak)
rCorr  .         Warding  .     (no gloves)
rMut   .         Stasis   .     (no boots)
MR     .....                    q - amulet of clarity
Stlth  ++........               (no ring)
                                (no ring)

@: lethally poisoned (0 -> -10), not resistant to hostile enchantments,
unstealthy
A: no striking features
a: no special abilities


You were on level 2 of the Dungeon.
You were not hungry.

You visited 1 branch of the dungeon, and saw 2 of its levels.

You collected 95 gold pieces.

Inventory:

Hand Weapons
 m - a +0 club (weapon)
Missiles
 n - 24 stones (quivered)
Armour
 a - a +0 robe (worn)
 b - a +0 hat (worn)
Jewellery
 q - an amulet of clarity (around neck)
Scrolls
 h - a scroll of enchant weapon
 k - a scroll of fog {unknown}
 l - 2 scrolls of teleportation {unknown}
 o - a scroll of identify {unknown}
 r - a scroll of remove curse {unknown}
 t - a scroll of noise {unknown}
Potions
 e - a potion of heal wounds {unknown}
 f - a potion of invisibility {unknown}
 i - a potion of cure mutation {unknown}
 j - a potion of mutation {unknown}
 p - a potion of curing {unknown}
 s - a potion of degeneration {unknown}
Books
 c - a book of Minor Magic

   Spells                             Type                      Level
   a - Magic Dart                     Conjuration                  1
   b - Blink                          Translocation                2
   c - Call Imp                       Summoning                    2
   d - Repel Missiles                 Charms/Air                   2
   e - Slow                           Hexes                        2
   f - Conjure Flame                  Conjuration/Fire             3
   g - Mephitic Cloud                 Conjuration/Poison/Air       3
Comestibles
 d - a bread ration
 g - 2 meat rations


   Skills:
 + Level 2.5 Dodging
 + Level 2.7 Stealth
 + Level 4.0 Spellcasting
 + Level 1.2 Conjurations
   Level 0.8 Summonings
 + Level 1.1 Translocations


You had 4 spell levels left.
You knew the following spells:

 Your Spells              Type           Power        Failure   Level  Hunger
a - Magic Dart            Conj           #...         10%         1    None
b - Blink                 Tloc           N/A          12%         2    #......
c - Repel Missiles        Chrm/Air       #.....       17%         2    #......


Dungeon Overview and Level Annotations

Branches:
Dungeon (2/15)

Altars:
Ashenzari


Message History

The adder poisons you!
You miss the adder.
The adder is almost dead.
You feel sick. The adder bites you.
You are lethally poisoned!
The adder poisons you! The adder bites you but does no damage.
You hit the adder but do no damage.
The adder is severely wounded.
You feel sick. The adder barely misses you. The adder bites you.
* * * LOW HITPOINT WARNING * * *
Casting: Magic Dart
Confirm with . or Enter, or press ? or * to list all spells.
You don't have enough magic to cast that spell.
* * * LOW HITPOINT WARNING * * *
You feel sick.
* * * LOW HITPOINT WARNING * * *
You feel sick.
* * * LOW HITPOINT WARNING * * *
You feel sick. The adder barely misses you.
You die...

........)........##
################..#
....# #.......# ....#
##.......# ....####
#........#
.......###........#
.....#.#.'....##..#
...#.#.#.#....#####
#'##.#........#.@.#
#.##.#.##.......#.#
#....#..<.......#S#
######............#
######....##.#...##♣♣♣♣
........#.#......#.....
#######.###...........#
#...............#
######.......#+##


You could see an adder.

Vanquished Creatures
  A giant cockroach (D:1)
  2 goblins (D:1)
  2 hobgoblins (D:1)
  5 jackals (D:1)
  A kobold (D:1)
  2 bats (D:1)
  A giant gecko (D:1)
  2 giant newts (D:1)
  A rat (D:1)
17 creatures vanquished.

Notes
Turn   | Place    | Note
--------------------------------------------------------------
     0 | D:1      | Jibb the High Elf Wizard began the quest for the Orb.
     0 | D:1      | Reached XP level 1. HP: 11/11 MP: 6/6
   933 | D:1      | Reached XP level 2. HP: 17/17 MP: 2/7
   939 | D:1      | Learned a level 2 spell: Blink
   942 | D:1      | Learned a level 2 spell: Repel Missiles
  1237 | D:1      | Found a shattered altar of Ashenzari.
  1261 | D:1      | Reached skill level 4 in Spellcasting
  1908 | D:2      | Succumbed to an adder's poison

Action                   || total
-------------------------++-------
Melee: Unarmed           ||     8
       Club              ||    13
 Cast: Magic Dart        ||    43
       Blink             ||     3
  Use: Scroll            ||     1
  Eat: Bread ration      ||     1
